 Dungeon Crawl Stone Soup version 0.15-a0-1798-g4683f23 (webtiles) character file.

14 MackTheKnife the Insei (level 2, 14/21 HPs)
             Began as a Merfolk Transmuter on June 30, 2014.
             Quit the game on Level 2 of the Dungeon.
             The game lasted 00:02:35 (885 turns).

MackTheKnife the Insei (Merfolk Transmuter)          Turns: 885, Time: 00:02:35

HP  14/21        AC  3     Str 10      XL: 2   Next: 41%
MP   3/4         EV 11     Int 12      God:
Gold 43          SH  0     Dex 14      Spells:  2 memorised,  2 levels left

rFire  . . .     SeeInvis .       - Unarmed
rCold  . . .     Clarity  .     i - +0 leather armour
rNeg   . . .     rCorr    .     (no shield)
rPois  .         rRot     .     (helmet restricted)
rElec  .         Spirit   +     (no cloak)
SustAb .         Warding  .     (no gloves)
rMut   .         Stasis   .     (no boots)
Gourm  .                        m - amulet of guardian spirit
MR     .....                    (no ring)
                                q - cursed -6 ring of slaying

@: appendage (expiring), not resistant to hostile enchantments, very unstealthy
A: change form in water, swift swim, horns 2
a: End Transformation


You were on level 2 of the Dungeon.
You were not hungry.
You had grown temporary horns.
You visited 1 branch of the dungeon, and saw 2 of its levels.

You collected 43 gold pieces.


Innate Abilities, Weirdness & Mutations

You revert to your normal form in water.
You are very nimble and swift while swimming.
You have a pair of horns on your head.


   Skills:
 - Level 1.1 Fighting
 - Level 2.6 Dodging
 + Level 3.7 Unarmed Combat
 - Level 2.0 Spellcasting
 + Level 3.3 Transmutations


You had 2 spell levels left.
You knew the following spells:

 Your Spells              Type           Power        Failure   Level  Hunger
y - Sticks to Snakes      Trmt           #.........   12%         2    ###....
z - Beastly Appendage     Trmt           #.....       10%         1    ##.....

Inventory:

Hand weapons
 n - a +0 dagger of flaming
Missiles
 b - 12 arrows (quivered)
Armour
 i - a +0 leather armour (worn)
Comestibles
 a - a bread ration
 f - a beef jerky
 l - a meat ration
 o - 4 fruits
Scrolls
 c - a scroll of fear {unknown}
 g - 3 scrolls of teleportation {unknown}
 h - a scroll of magic mapping {unknown}
Jewellery
 m - an amulet of guardian spirit (around neck)
 q - a cursed -6 ring of slaying (left hand)
Potions
 e - a potion of curing {unknown}
 j - a potion of agility {unknown}
 k - a potion of haste {unknown}
 p - a potion of brilliance {unknown}
Books
 d - a book of Changes

   Spells                             Type                      Level
   *Beastly Appendage                 Transmutation                1
   *Sticks to Snakes                  Transmutation                2
   Spider Form                        Transmutation/Poison         3
   Ice Form                           Ice/Transmutation            4
   Blade Hands                        Transmutation                5

▒▒▒▒▒▒▒▒▒ ▒··bsm··▒
▒·▒▒▒▒▒·▒ ▒·▒
▒·▒▒▒▒▒▒▒▒▒▒▒▒▒▒
▒·▒···▒···<···%·
▒▒▒▒·······▒▒▒▒▒▒▒▒
▒··········▒ ▒
▒·▒▒·······▒ ▒
▒·▒▒·▒%··▒·▒ ▒


You could see a giant cockroach and a bat.


Message History

The giant cockroach waves its antennae.
The giant cockroach bites you but does no damage.
You hit the giant cockroach but do no damage.
The giant cockroach is moderately wounded.
The giant cockroach closely misses you.
You hit the giant cockroach but do no damage.
The giant cockroach is moderately wounded.
The giant cockroach misses you.
You hit the giant cockroach but do no damage.
The giant cockroach is moderately wounded.
The giant cockroach bites you.
You barely miss the giant cockroach.
The giant cockroach is moderately wounded.
The giant cockroach bites you but does no damage.
You barely miss the giant cockroach.
The giant cockroach is moderately wounded.
Your transformation is almost over.
The giant cockroach barely misses you.
You barely miss the giant cockroach.
The giant cockroach is moderately wounded.
The giant cockroach bites you.
You closely miss the giant cockroach.
The giant cockroach is moderately wounded.
The giant cockroach bites you but does no damage.
You barely miss the giant cockroach.
The giant cockroach bites you but does no damage.
You hit the giant cockroach.
The giant cockroach is heavily wounded.
The giant cockroach bites you. The giant cockroach barely misses you.
Are you sure you want to abandon this character and quit the game? (Confirm with "yes".)

Action                   || total
-------------------------++-------
Melee: Unarmed           ||    57
 Cast: Beastly Appendage ||     1
  Use: Scroll            ||     2

Vault maps used:
D:1:      dpeg_arrival_shrine
D:2:      kennysheep_the_goblin_king, first_bread, minmay_misc_feat_ornament

Notes
Turn   | Place    | Note
--------------------------------------------------------------
     0 | D:1      | MackTheKnife, the Merfolk Transmuter, began the quest for the Orb.
     0 | D:1      | Reached XP level 1. HP: 15/15 MP: 3/3
   234 | D:1      | Reached skill level 3 in Transmutations
   431 | D:1      | Reached XP level 2. HP: 21/21 MP: 4/4
   452 | D:1      | Learned a level 2 spell: Sticks to Snakes
   885 | D:2      | Quit the game

Vanquished Creatures
  3 bats (D:1)
  2 goblins (D:1)
  A hobgoblin (D:1)
  2 giant newts
  A kobold (D:1)
  6 rats
15 creatures vanquished.
